 Dungeon Crawl Stone Soup version 0.29.1-13-g9f3cf754e1 (webtiles) character file.

Game seed: 7116156343680426495

46 Chiseanne the Digger (level 3, -3/27 HPs)
             Began as a Demonspawn Wanderer on Jan 30, 2023.
             Slain by Grinder (8 damage)
             ... while paralysed by Grinder
             ... on level 3 of the Dungeon.
             The game lasted 00:03:28 (1756 turns).

Chiseanne the Digger (Demonspawn Wanderer)          Turns: 1756, Time: 00:03:29

Health: -3/27      AC:  3    Str: 11    XL:     3   Next: 46%
Magic:  6/6        EV:  2    Int: 16    God:
Gold:   116        SH:  0    Dex: 12    Spells: 5/6 levels left

rFire   . . .      SeeInvis .   s - +4 dagger (elec)
rCold   . . .      Faith    .   (no shield)
rNeg    . . .      Spirit   .   d - +0 robe
rPois   .          Reflect  .   (no helmet)
rElec   .          Harm     .   (no cloak)
rCorr   .          Rampage  .   j - +0 pair of gloves
Will    .....                   (no boots)
Stlth   +.........              (no amulet)
HPRegen 0.09/turn               (no ring)
MPRegen 0.20/turn               (no ring)

@: paralysed
A: magic regeneration
a: no special abilities


You were on level 3 of the Dungeon.
You visited 1 branch of the dungeon, and saw 3 of its levels.

You collected 116 gold pieces.

Inventory:

Hand Weapons
 a - a +2 spear of venom
 f - a +0 scimitar
 i - a +1 short sword of protection
 s - a +4 dagger of electrocution (weapon)
Missiles
 g - 30 stones
Armour
 d - a +0 robe (worn)
 j - a +0 pair of gloves (worn)
Wands
 b - a wand of polymorph (3)
Scrolls
 h - a scroll of brand weapon
Potions
 c - 2 potions of lignification
 e - 2 potions of brilliance
 k - 2 potions of curing


   Skills:
 * Level 2.0 Fighting
 - Level 1.7 Polearms
 * Level 1.4 Armour
 * Level 1.4 Dodging
 - Level 2.0 Spellcasting
 - Level 2.6 Earth Magic
 - Level 2.0 Evocations


You had 5 spell levels left.
You knew the following spells:

 Your Spells              Type           Power      Damage    Failure   Level
a - Sandblast             Erth           20%        2d7       7%          1

Your spell library contained the following spells:

 Spells                   Type           Power      Damage    Failure   Level
 Stone Arrow              Conj/Erth      10%        3d7       34%         3


Dungeon Overview and Level Annotations

Branches:
Dungeon (3/15)

Altars:

Annotations:
D:3 Grinder


Innate Abilities, Weirdness & Mutations

You regenerate magic rapidly.


Message History

Grinder comes into view.
The rat barely misses you. The rat bites you. Grinder gestures at you.
Pain shoots through your body! The rat attacks as you move away!
The rat misses you. The rat attacks as you move away!
The rat closely misses you. The rat attacks as you move away!
The rat barely misses you. The rat attacks as you move away!
The rat closely misses you.
Grinder blinks!
There is a stone staircase leading up here.
You hit the rat.
You kill the rat!
Grinder is nearby!
Your +2 spear of venom stops dripping with poison.
You hear the crackle of electricity.
s - a +4 dagger of electrocution (weapon)
You hit Grinder but do no damage. Lightning courses through Grinder!
Grinder is moderately wounded.
Grinder hits you.
You writhe in agony.
You completely miss Grinder.
Grinder is moderately wounded.
Grinder hits you but does no damage.
You hit Grinder. Lightning courses through Grinder!
Grinder is almost dead.
Grinder hits you but does no damage.
You barely miss Grinder.
Grinder is almost dead.
Grinder barely misses you.
You hit Grinder.
Grinder is almost dead.
Grinder gestures at you.
You suddenly lose the ability to move!
Grinder gestures at you. You resist with significant effort.
Grinder gestures at you. Pain shoots through your body!
Ouch! That really hurt!
* * * LOW HITPOINT WARNING * * *
Grinder hits you!
You die...

.# .# . #.#
....##########.###
.......<@5.......#
##########.......# .######
########.......####
.......##.5................
#...#.######.......#####.
#...#...# #.............
#.#...#.######.......#####.
# ##.##...................
#. #.#########.#######.


You could see Grinder.

Vanquished Creatures
  An adder (D:2)
  6 ball pythons
  An endoplasm (D:1)
  3 goblins
  4 hobgoblins
  5 kobolds
  3 quokkas
  4 bats
  A frilled lizard (D:1)
  6 rats
34 creatures vanquished.

Notes
Turn   | Place    | Note
-------+----------+-------------------------------------------
     0 | D:1      | Chiseanne the Demonspawn Wanderer began the quest for the
                  | Orb.
     0 | D:1      | Chiseanne set off with the following items: a +2 spear, a
                  | wand of polymorph (3), a potion of lignification, a +0
                  | robe; and the following spell memorised: Sandblast; and the
                  | following spells available to memorise: Stone Arrow.
     0 | D:1      | Reached XP level 1. HP: 15/15 MP: 3/3
   436 | D:1      | Gained mutation: You regenerate magic rapidly. [demonic
                  | ancestry]
   436 | D:1      | Reached XP level 2. HP: 21/21 MP: 5/5
   620 | D:1      | Reached skill level 1 in Dodging
   627 | D:1      | Reached skill level 1 in Armour
  1380 | D:2      | Reached XP level 3. HP: 27/27 MP: 6/6
  1730 | D:3      | Noticed Grinder
  1753 | D:3      | Paralysed by Grinder for 4 turns
  1756 | D:3      | Slain by Grinder

Illustrated notes

Levels and vault maps discovered:
D:1:      lightli_molten_gateway, layout_basic, amcnicky_mini_pool_small
D:2:      layout_rooms
D:3:      layout_loops_ring, serial_shops, shop, st_stairs_2,
          minmay_misc_feat_plants, kennysheep_jessica_study, uniq_natasha,
          uniq_grinder

Skill      XL: |  1  2  3 |
---------------+----------+-----
Dodging        | 1 |  1.4
Armour         | 1 |  1.4
Fighting       | 2 |  2.0
Polearms       | |  1.7
Spellcasting   | |  2.0
Earth Magic    | |  2.6
Evocations     | |  2.0

Action                   || total
-------------------------++-------
Melee: Spear             ||    60
       Dagger            ||    21
  Use: Scroll            ||     9
Armor: Robe              ||    20
Dodge: Dodged            ||    56
